 Dungeon Crawl Stone Soup version 0.31-a0-1154-gadca813884 (webtiles) character file.

Game seed: 9162999202745639380

821 Arzdou the Covert (level 7, -1/43 HPs)
             Began as an Octopode Earth Elementalist on Dec 7, 2023.
             Was an Initiate of Vehumet.
             Succumbed to a scorpion's poison
             ... on level 5 of the Dungeon.
             The game lasted 00:07:21 (4718 turns).

Arzdou the Covert (Octopode Earth Elementalist)     Turns: 4718, Time: 00:07:21

Health: -1/43      AC:  8    Str:  8    XL:     7   Next: 95%
Magic:  14/14      EV: 13    Int: 19    God:    Vehumet [......]
Gold:   225        SH:  0    Dex: 12    Spells: 15/16 levels left

rFire   . . .        f - +2 dagger (protect)
rCold   . . .        (no shield)
rNeg    . . .        (helmet restricted)
rPois   .            (no amulet)
rElec   .            n - ring of see invisible
rCorr   .            (no ring)
SInv    +            (no ring)
Will    +....        (no ring)
Stlth   +++++        (no ring)
HPRegen 0.27/turn    (no ring)
MPRegen 0.14/turn    (no ring)
                     (no ring)

%: no passive effects
@: mighty, lethally poisoned (-1 -> -14), under a protective aura, enlightened,
flying
A: almost no armour, amphibious, 8 rings, camouflage 1, gelatinous body 1,
(nimble swimmer 1), tentacles
a: Renounce Religion


You were on level 5 of the Dungeon.
You worshipped Vehumet.
Vehumet was noncommittal.
You visited 2 branches of the dungeon, and saw 6 of its levels.

You collected 225 gold pieces.

Inventory:

Hand Weapons
 d - a +0 dagger
 f - a +2 dagger of protection (weapon)
Jewellery
 n - a ring of see invisible (left tentacle)
Wands
 t - a wand of flame (12)
Scrolls
 b - 2 scrolls of revelation {unknown}
 c - a scroll of poison {unknown}
 g - a scroll of blinking {unknown}
 h - a scroll of vulnerability {unknown}
 i - 7 scrolls of identify {unknown}
 k - a scroll of enchant armour {unknown}
 l - a scroll of fog {unknown}
 o - a scroll of immolation {unknown}
 p - a scroll of amnesia {unknown}
 q - a scroll of brand weapon {unknown}
 r - a scroll of acquirement {unknown}
 s - 2 scrolls of fear {unknown}
Potions
 a - a potion of magic
 e - a potion of enlightenment


   Skills:
 + Level 1.3 Fighting
 - Level 2.1 Dodging
 - Level 8.0 Stealth
 - Level 5.0 Spellcasting
 - Level 1.2 Transmutations
 - Level 5.0 Earth Magic


You had 15 spell levels left.
You knew the following spells:

 Your Spells              Type           Power      Damage    Failure   Level
a - Sandblast             Erth           46%        2d11      1%          1

Your spell library contained the following spells:

 Spells                   Type           Power      Damage    Failure   Level
 Passwall                 Tmut/Erth      13%        N/A       5%          2
 Magic Dart               Conj           16%        1d3       12%         1
 Stone Arrow              Conj/Erth      28%        3d8       13%         3
 Blink                    Tloc           8%         N/A       19%         2
 Lesser Beckoning         Tloc           8%         N/A       19%         2
 Momentum Strike          Conj/Tloc      8%         3d8       19%         2
 Searing Ray              Conj           8%         2d4       19%         2
 Petrify                  Tmut/Erth      16%        N/A       34%         4
 Dazzling Flash           Conj/Hex       8%         N/A       36%         3
 Volatile Blastmotes      Fire/Tloc      8%         2d10      36%         3
 Brom's Barrelling Bould  Conj/Erth      14%        2d4       41%         4
 Fulminant Prism          Conj/Hex       2%         3d5       77%         4
 Summon Ice Beast         Ice/Summ       4%         N/A       77%         4
 Summon Mana Viper        Hex/Summ       4%         N/A       98%         5
 Starburst                Conj/Fire      2%         6d3       100%        6
 Monstrous Menagerie      Summ           2%         N/A       100%        7
 Maxwell's Capacitive Co  Air            2%         ∞         100%        8


Dungeon Overview and Level Annotations

Branches:
Dungeon (5/15)             Temple (1/1) D:5

Altars:
Dithmenos
Elyvilon
Hepliaklqana
Kikubaaqudgha
Nemelex Xobeh
Qazlal
Ru
Sif Muna
Trog
Vehumet
Xom
Zin

Annotations:
D:3 1 runed translucent door, Tenar's ghost, amateur DsEn


Innate Abilities, Weirdness & Mutations

You cannot wear most types of armour.
You are amphibious.
You can wear up to eight rings at the same time.
Your skin changes colour to match your surroundings (Stealth+).
Your rubbery body absorbs attacks. (AC +1, EV +1)
((You are camouflaged when in or above water. (Stealth+)))
You have tentacles for arms and can constrict up to eight enemies at once.


Message History

You feel very mighty all of a sudden.
You constrict the orc wizard.
You kill the orc wizard!
Vehumet accepts your kill.
You feel very sick. The scorpion closely misses you.
The orc wizard closely misses you.
The scorpion stings you but does no damage.
Training target 5.0 for Spellcasting reached!
Your Spellcasting skill increases to level 5!
You hit the scorpion. Your grab misses the scorpion. You squeeze the scorpion!
The scorpion is heavily wounded.
You feel very sick.
The orc wizard hits you but does no damage.
The scorpion stings you.
* * * LOW HITPOINT WARNING * * *
You are lethally poisoned!
The scorpion poisons you!
You hit the scorpion but do no damage. Your grab misses the scorpion.
You squeeze the scorpion!
You kill the scorpion!
Vehumet accepts your kill.
* * * LOW HITPOINT WARNING * * *
You feel very sick.
The orc wizard hits you but does no damage.
Training target 8.0 for Stealth reached!
Your Stealth skill increases to level 8!
You need to enable at least one skill for training.
Your Fighting skill increases to level 1!
Okay, then.
Okay, then.
You puncture the orc wizard! You grab the orc wizard.
The orc wizard is heavily wounded.
You constrict the orc wizard.
* * * LOW HITPOINT WARNING * * *
You feel very sick.
The orc wizard hits you but does no damage.
You hit the orc wizard.
The orc wizard is almost dead.
You constrict the orc wizard, but do no damage.
You die...

.....###..#.#.#......###.........
....#####.#.#.####...# #.........
...##.##..#.#.####...######......
...#....................#
..#...>..#..............#
........###.............#
..####..# #...####+###### .#
##..##............# .
.#..##....@......# . .
....#..o)).....# .
.#................#
#######.........# #.........#
#.........# #.........#
..........# #........###


You could see an orc wizard (invisible).

Vanquished Creatures
  Sigmund (D:3)
  A phantom (D:5)
  Blork the orc (D:5)
  2 scorpions
  An orc priest (D:3)
  3 hounds
  Jessica (D:2)
  4 orc wizards
  Robin (D:3)
  3 adders
  3 worms
  15 orcs
  4 endoplasms
  4 giant cockroaches
  13 goblins
  12 hobgoblins
  2 jackals (D:2)
  5 quokkas
  3 ball pythons
  7 bats
  4 frilled lizards
  7 kobolds
  4 rats
101 creatures vanquished.

Notes
Turn   | Place    | Note
-------+----------+-------------------------------------------
     0 | D:1      | Arzdou the Octopode Earth Elementalist began the quest for
                  | the Orb.
     0 | D:1      | Reached XP level 1. HP: 11/11 MP: 3/3
   149 | D:1      | Reached XP level 2. HP: 6/17 MP: 3/5
   282 | D:1      | Reached skill level 3 in Stealth
   797 | D:2      | Noticed Jessica
   798 | D:2      | Killed Jessica
   799 | D:2      | Reached XP level 3. HP: 21/21 MP: 6/6
   930 | D:2      | Reached XP level 4. HP: 27/27 MP: 7/7
   945 | D:2      | Reached skill level 4 in Stealth
  1829 | D:3      | Found a runed translucent door.
  1831 | D:3      | Noticed Sigmund
  1937 | D:3      | Noticed Tenar's ghost (amateur DsEn)
  2314 | D:3      | Found a faded altar of an unknown god.
  2317 | D:3      | Found a shadowy altar of Dithmenos.
  2348 | D:3      | Noticed Robin
  2432 | D:3      | Killed Robin
  2433 | D:3      | Reached XP level 5. HP: 17/31 MP: 9/9
  2983 | D:3      | Killed Sigmund
  2984 | D:3      | Reached skill level 5 in Stealth
  2984 | D:3      | Reached XP level 6. HP: 35/36 MP: 6/11
  3353 | D:4      | Reached skill level 6 in Stealth
  3705 | D:3      | Reached XP level 7. HP: 33/41 MP: 9/13
  3780 | D:4      | Reached skill level 5 in Earth Magic
  4388 | D:5      | Entered Level 5 of the Dungeon
  4483 | D:5      | Reached skill level 7 in Stealth
  4528 | D:5      | Found a staircase to the Ecumenical Temple.
  4534 | Temple   | Entered the Ecumenical Temple
  4542 | Temple   | Became a worshipper of Vehumet
  4565 | D:5      | Noticed Blork the orc
  4574 | D:5      | Killed Blork the orc
  4715 | D:5      | Reached skill level 5 in Spellcasting
  4717 | D:5      | Reached skill level 8 in Stealth
  4717 | D:5      | Reached skill level 1 in Fighting
  4717 | D:5      | HP: 1/43 [poisoned by a scorpion]
  4718 | D:5      | Succumbed to a scorpion's poison

Illustrated notes

Levels and vault maps discovered:
D:1:      minmay_arrival_diagonal_passages, layout_basic
D:2:      layout_basic, uniq_jessica
D:3:      layout_basic, nicolae_overflow_ecumenical_swirl,
          ebering_ghost_sewer_d, uniq_robin, uniq_sigmund
D:4:      layout_basic, guppyfry_early_orc_mine
D:5:      layout_basic, minmay_temple_entry_wispy, enter_ossuary_2,
          uniq_blork_the_orc
Temple:   nicolae_temple_bog_church

Skill      XL: |  1  2  3  4  5  6  7 |
---------------+----------------------+-----
Stealth        | 3 4 5 6 8 |  8.0
Spellcasting   | 3 4 5 |  5.0
Earth Magic    | 4 5 |  5.0
Fighting       | 1 |  1.3
Dodging        | |  2.1
Transmutations | |  1.2

Action                     |  1- 3 |  4- 6 |  7- 9 || total
---------------------------+-------+-------+-------++-------
  Melee: Dagger            |    21 |    75 |    29 ||   125
         Tentacles         |     3 |    15 |     8 ||    26
         Constrict         |     4 |    21 |    11 ||    36
         Punch             |       |     2 |     1 ||     3
   Cast: Sandblast         |    15 |    36 |    23 ||    74
    Use: Potion            |     1 |       |     3 ||     4
   Stab: Sleeping          |     9 |    11 |     1 ||    21
 Armour: Skin              |     8 |    55 |    37 ||   100
  Dodge: Dodged            |     9 |    46 |    26 ||    81

Table legend: (Time is in decaauts)
 A = Elapsed time spent in this place.
 B = Non-inter-level travel time spent in this place.
 C = Inter-level travel time spent in this place.
 D = Time resting spent in this place.
 E = Time spent auto-exploring this place.
 F = Levels seen in this place.
 G = Mean time per level.
                   A        B        C        D        E       F      G
               +--------+--------+--------+--------+--------+-----+--------+
         Total |   4755 |   4459 |    296 |    287 |   3407 |   6 |  792.5 |
       Dungeon |   4739 |   4443 |    296 |    287 |   3407 |   5 |  947.8 |
        Temple |     16 |     16 |      0 |      0 |      0 |   1 |   16.0 |
               +--------+--------+--------+--------+--------+-----+--------+

Top non-repeatable levels by time:
     D:3: 1485 daAuts
     D:4: 1177 daAuts
     D:2: 959 daAuts
     D:1: 801 daAuts
     D:5: 316 daAuts
  Temple: 16 daAuts
